 Dungeon Crawl Stone Soup version 0.25.0-37-gb73750e0fb (webtiles) character file.

Game seed: 8254323566768184535

48076 littleberserk the Warrior (level 14, -1/210 HPs)
             Began as an Ogre Ice Elementalist on July 9, 2020.
             Was the Champion of the Shining One.
             Slain by a spriggan rider
             ... wielding the +4 demon trident of Collusion {flame, rF+ rN+ Int-3}
              (27 damage)
             ... on level 3 of the Lair of Beasts.
             The game lasted 01:02:29 (26568 turns).

littleberserk the Warrior (Ogre Ice Elementalist)  Turns: 26568, Time: 01:02:29

Health: -1/210     AC:  6    Str: 24    XL:     14   Next: 44%
Magic:  17/21      EV: 10    Int: 17    God:    the Shining One [******]
Gold:   614        SH:  0    Dex:  9    Spells: 10/23 levels left

rFire    . . .     SeeInvis .   A - +2 giant spiked club (vorpal)
rCold    . . .     Gourm    .   (shield currently unavailable)
rNeg     + + +     Faith    .   I - +0 robe "Ukholahoff" {Slay+6} (curse)
rPois    +         Spirit   .   (helmet restricted)
rElec    .         Reflect  .   N - +2 cloak {rPois}
rCorr    .         Harm     .   (gloves unavailable)
MR       +....                  (boots unavailable)
Stlth    +.........             G - amulet of the acrobat
HPRegen  0.45/turn              b - ring of wizardry
MPRegen  0.17/turn              y - +6 ring of strength

@: berserk cooldown, frozen ramparts, slowed, glowing, very slow
A: large, unfitting armour, robust 2, tough skin 1
a: Divine Shield, Cleansing Flame, Summon Divine Warrior, Brand Weapon With Holy
Wrath, Renounce Religion


You were on level 3 of the Lair of Beasts.
You worshipped the Shining One.
The Shining One was exalted by your worship.
You were not hungry.

You visited 4 branches of the dungeon, and saw 18 of its levels.
You visited 1 bazaar.

You collected 1808 gold pieces.
You spent 1194 gold pieces at shops.

Inventory:

Hand Weapons
 r - the +11 rapier of Impatience {holy, *Contam rPois rF++}
   (You took it off an orc on level 4 of the Dungeon)

   It has been blessed by the Shining One to cause great damage to the undead
   and demons.
   It greatly protects you from fire.
   It protects you from poison.
   It causes magical contamination when unequipped.
 A - a +2 vorpal giant spiked club (weapon)
Armour
 I - the cursed +0 robe "Ukholahoff" (worn) {Slay+6}
   (You bought it in a shop in a bazaar)

   It affects your accuracy and damage with ranged weapons and melee attacks
   (+6).
   It has a curse placed upon it.
 M - a +2 robe
 N - a +2 cloak of poison resistance (worn)
Jewellery
 b - a ring of wizardry (left hand)
 u - an uncursed ring of ice
 x - an uncursed ring of ice
 y - a +6 ring of strength (right hand)
 F - the ring "Zotic" {+Fly rC++ AC+4, unknown}
   (You found it on level 3 of the Lair of Beasts)

   [ring of protection]

   It affects your AC (+4).
   It greatly protects you from cold.
   It lets you fly.
 G - an amulet of the acrobat (around neck)
Wands
 a - a wand of digging (12)
 d - a wand of acid (10)
 v - a wand of enslavement (2)
 H - a wand of polymorph (7)
 J - a wand of iceblast (30)
Scrolls
 e - 3 scrolls of remove curse
 f - 4 scrolls of blinking
 g - a scroll of fog
 h - a scroll of magic mapping
 o - a scroll of identify
 q - 4 scrolls of immolation
 z - a scroll of silence
 D - 4 scrolls of amnesia
 E - a scroll of enchant armour
 K - 2 scrolls of teleportation
Potions
 i - 4 potions of brilliance
 j - a potion of resistance
 k - 2 potions of lignification
 l - 2 potions of ambrosia
 m - a potion of might
 n - 2 potions of heal wounds
 p - 2 potions of cancellation
 t - 5 potions of flight
 B - 12 potions of curing
 C - 2 potions of berserk rage
Miscellaneous
 s - a phial of floods
 w - a phantom mirror
Comestibles
 c - 9 rations


   Skills:
 - Level 20.1 Fighting
 * Level 13.1 Maces & Flails
 - Level 1.7 Dodging
 - Level 1.4 Stealth
 * Level 5.1 Spellcasting
 - Level 0.1 Hexes
 + Level 0.1 Charms
 * Level 2.2 Transmutations
 - Level 5.2 Ice Magic
 * Level 2.1 Earth Magic
 * Level 9.0 Invocations


You had 10 spell levels left.
You knew the following spells:

 Your Spells              Type           Power        Failure   Level  Hunger
a - Freeze                Ice            ###.         1%          1    None
b - Frozen Ramparts       Ice            ###...       1%          3    ###....
c - Ensorcelled Hibernat  Hex/Ice        ##....       2%          2    #......
d - Sting                 Tmut/Pois      #...         3%          1    None
e - Leda's Liquefaction   Hex/Erth       #.........   32%         4    ####...
f - Song of Slaying       Chrm           #.......     9%          2    #......

Your spell library contained the following spells:

 Spells                   Type           Power        Failure   Level  Hunger
 Corona                   Hex            #......      5%          1    None
 Infusion                 Chrm           #...         5%          1    None
 Animate Skeleton         Necr           N/A          6%          1    None
 Apportation              Tloc           #.....       6%          1    None
 Pain                     Necr           #...         6%          1    None
 Summon Small Mammal      Summ           #...         6%          1    None
 Ozocubu's Armour         Chrm/Ice       ##......     6%          3    ###....
 Poisonous Vapours        Pois/Air       #.....       9%          2    #......
 Shroud of Golubria       Chrm/Tloc      #.....       9%          2    #......
 Slow                     Hex            #.......     9%          2    #......
 Ignite Poison            Fire/Tmut/Pois #.......     12%         3    ###....
 Confusing Touch          Hex            #.......     16%         3    ###....
 Dazzling Flash           Conj/Hex       #.....       16%         3    ###....
 Inner Flame              Hex/Fire       #.......     16%         3    ###....
 Mephitic Cloud           Conj/Pois/Air  #.......     16%         3    ###....
 Portal Projectile        Hex/Tloc       #.....       16%         3    ###....
 Spectral Weapon          Hex/Chrm       #.......     16%         3    ###....
 Tukima's Dance           Hex            #.......     16%         3    ###....
 Vampiric Draining        Necr           #.........   16%         3    ###....
 Hailstorm                Conj/Ice       ##......     19%         4    ####...
 Summon Ice Beast         Ice/Summ       ##......     19%         4    ####...
 Animate Dead             Necr           N/A          45%         4    ####...
 Cause Fear               Hex            #.........   45%         4    ####...
 Olgreb's Toxic Radiance  Pois           #.......     45%         4    ####...
 Agony                    Necr           #.......     80%         5    ######.


Dungeon Overview and Level Annotations

Branches:
Dungeon (12/15)            Temple (1/1) D:6            Lair (3/6) D:11
    Orc (2/2) D:12            Elf (0/3) Orc:2
  Swamp: Lair:2-4    Shoals: Lair:2-4     Snake: Lair:2-4    Spider: Lair:2-4

Altars:
Cheibriados
Dithmenos
Elyvilon
Hepliaklqana
Kikubaaqudgha
Nemelex Xobeh
Okawaru
Qazlal
Ru
Sif Muna
Trog
Uskayaw
Vehumet
Wu Jian
Xom
Yredelemnul
The Shining One

Shops:
D:12 [   Orc:1 [   Orc:2 !!=:

Annotations:
D:7 Blork the orc
D:8 3 runed translucent doors, skumtomte's ghost, novice DDFi


Innate Abilities, Weirdness & Mutations

You are too large for most types of armour.
You have tough skin. (AC +1)
You are very robust. (+20% HP)


Message History

You closely miss the spriggan.
The spriggan is severely wounded.
The wall freezes the spriggan.
The spriggan misses you.
The wall freezes the spriggan rider.
The spriggan rider hits you with the +4 demon trident of Collusion {flame, rF+ rN+ Int-3}!
* * * LOW HITPOINT WARNING * * *
The spriggan rider burns you.
* * * LOW HITPOINT WARNING * * *
The wall freezes the spriggan.
The spriggan hits you with a cursed +0 rapier!
* * * LOW HITPOINT WARNING * * *
You feel much better.
The wall freezes the spriggan rider!
The spriggan rider hits you with the +4 demon trident of Collusion {flame, rF+ rN+ Int-3}!
* * * LOW HITPOINT WARNING * * *
The spriggan rider burns you.
* * * LOW HITPOINT WARNING * * *
The wall freezes the spriggan.
The spriggan misses you.
The wall freezes the spriggan rider.
The spriggan rider hits you with the +4 demon trident of Collusion {flame, rF+ rN+ Int-3}!!
You die...

.# #.................##<...... .#
#...........#####.......... .#
#...##....###...###...####. .#
#..#.###.##....#.###..# #. ##
##...##P..#....####.#..####. ##
#........##....#≈##.##..##.. .#
##......)#.†...).#...#..P#.. .#
#...P...©#©..#._.....#©..#..
.#####....##..#i@#§..[##..#......
##..#.#..####.##i###.#≈#.##...##.
.........## #..##)...#####..###..
..........# ##.##......###..###P.
####.#P..## #..###.©.###....###.
# ####..# #....#####.....###P. #
#...# ###........#...P###. #
##...# #........#..PP# #. #
#....## ###...#####...####.


You could see a spriggan rider and a spriggan.

Vanquished Creatures
  An ettin (D:12)
  The ghost of Deesahac the Severer, a journeyman BaFi of Cheibriados (Lair:3)
  Harold (D:8)
  Erolcha (Orc:1)
  A hydra (Lair:3)
  A catoblepas (Lair:3)
  Fannar (Orc:1)
  10 two-headed ogres
  Erica (D:8)
  2 ogre magi (Orc:2)
  Urug (Lair:3)
  5 death yaks (Lair:2)
  A deep troll (Orc:1)
  An orc knight (D:12)
  2 deep elf magi (D:12)
  2 ugly things
  2 moths of wrath (Lair:3)
  3 cyclopes
  Maurice (D:8)
  2 spiny frogs
  3 gargoyles
  A rime drake (Lair:1)
  2 komodo dragons
  10 trolls
  2 hornets
  3 slime creatures (D:12)
  3 blink frogs (Lair:3)
  5 hippogriffs
  4 spriggans (Lair:3)
  3 wraiths (D:7)
  Sigmund (D:5)
  19 yaks
  2 wyverns
  3 basilisks
  A hungry ghost (D:10)
  4 wargs (Orc:2)
  9 water moccasins
  Duvessa (D:6)
  6 porcupines
  4 ice beasts
  11 orc warriors
  5 sky beasts
  22 ogres
  3 necrophages
  4 phantoms
  7 centaurs
  10 wolves
  4 crocodiles
  3 big kobolds
  10 bullfrogs
  An elf skeleton (D:7)
  Dowan (D:6)
  A wyvern zombie (D:10)
  A water moccasin skeleton (D:6)
  7 scorpions
  9 killer bees
  24 wights
  2 electric eels (Lair:2)
  4 howler monkeys
  7 crimson imps
  A lava snake (Lair:1)
  2 bullfrog zombies (D:12)
  Crazy Yiuf (D:5)
  3 centaur zombies
  3 jellies
  9 orc priests
  6 hounds
  20 orc wizards
  A gnoll shaman (D:7)
  A bullfrog skeleton (D:9)
  4 iguanas
  3 human zombies (D:7)
  3 centaur skeletons (D:12)
  2 hell rats (Lair:3)
  A human skeleton (D:7)
  10 worker ants
  A killer bee zombie (D:9)
  2 hound zombies
  3 hound skeletons
  4 mummies (D:7)
  3 worker ant zombies
  12 gnolls
  13 adders
  6 river rats (Lair:3)
  2 shadow imps
  An ooze (D:2)
  An adder skeleton (D:6)
  3 worms
  A dart slug (D:1)
  4 leopard geckos
  77 orcs
  11 bats
  5 giant cockroaches
  9 goblins
  7 hobgoblins
  24 jackals
  26 kobolds
  5 quokkas
  2 ball pythons
  11 frilled lizards
  A jackal skeleton (D:2)
  A leopard gecko skeleton (D:9)
  A quokka skeleton (D:4)
  8 rats
  A fungus (Lair:3)
577 creatures vanquished.

Vanquished Creatures (collateral kills)
  A deep troll (Orc:1)
1 creature vanquished.

Vanquished Creatures (others)
  An orc (Orc:1)
  A bush (D:11)
  3 fungi
  5 plants
10 creatures vanquished.

Grand Total: 588 creatures vanquished

Notes
Turn   | Place    | Note
-------+----------+-------------------------------------------
     0 | D:1      | littleberserk the Ogre Ice Elementalist began the quest for
                  | the Orb.
     0 | D:1      | Reached XP level 1. HP: 16/16 MP: 3/3
   149 | D:1      | Reached XP level 2. HP: 20/24 MP: 1/5
   554 | D:1      | Reached XP level 3. HP: 31/31 MP: 5/7
   639 | D:1      | Learned a level 3 spell: Frozen Ramparts
  1452 | D:2      | Reached XP level 4. HP: 39/39 MP: 8/8
  1630 | D:2      | Found an ancient bone altar of Kikubaaqudgha.
  2061 | D:2      | Learned a level 2 spell: Ensorcelled Hibernation
  2420 | D:2      | Found a radiant altar of Vehumet.
  2616 | D:2      | Found a hazy altar of Hepliaklqana.
  2856 | D:3      | Noticed an ogre
  2867 | D:3      | Killed an ogre
  2867 | D:3      | Reached skill level 1 in Fighting
  2867 | D:3      | Reached skill level 5 in Ice Magic
  2867 | D:3      | Reached XP level 5. HP: 25/48 MP: 3/11
  3186 | D:3      | Reached skill level 1 in Maces & Flails
  3225 | D:3      | Found an iron altar of Okawaru.
  3264 | D:3      | Reached XP level 6. HP: 55/55 MP: 8/12
  3956 | D:4      | Reached skill level 2 in Fighting
  4396 | D:4      | Reached XP level 7. HP: 47/66 MP: 9/13
  4517 | D:4      | Reached skill level 3 in Fighting
  4633 | D:4      | Identified the +11 rapier of Impatience {holy, *Contam
                  | rPois rF++}
  4804 | D:4      | Found a snail-covered altar of Cheibriados.
  4805 | D:4      | Found a white marble altar of Elyvilon.
  4924 | D:4      | Found a shadowy altar of Dithmenos.
  5100 | D:5      | Entered Level 5 of the Dungeon
  5256 | D:5      | Noticed Sigmund
  5269 | D:5      | Killed Sigmund
  5269 | D:5      | Reached skill level 5 in Fighting
  5559 | D:5      | Reached skill level 6 in Fighting
  5588 | D:5      | Found a runed translucent door.
  5589 | D:5      | Noticed Crazy Yiuf
  5598 | D:5      | Killed Crazy Yiuf
  5696 | D:6      | Reached skill level 7 in Fighting
  5696 | D:6      | Reached XP level 8. HP: 78/87 MP: 10/14
  5773 | D:6      | Found a staircase to the Ecumenical Temple.
  5909 | D:6      | Reached skill level 8 in Fighting
  5978 | Temple   | Entered the Ecumenical Temple
  5985 | Temple   | Became a worshipper of the Shining One
  6504 | D:6      | Noticed Duvessa
  6505 | D:6      | Noticed Dowan
  6511 | D:6      | Killed Duvessa
  6511 | D:6      | Reached skill level 9 in Fighting
  6511 | D:6      | Killed Dowan
  6511 | D:6      | Reached skill level 5 in Maces & Flails
  6757 | D:7      | Found a stormy altar of Qazlal.
  6783 | D:7      | Noticed a water elemental
  6783 | D:7      | Noticed an air elemental
  6918 | D:7      | Reached XP level 9. HP: 90/101 MP: 15/15
  7010 | D:7      | Reached skill level 10 in Fighting
  7011 | D:7      | Reached * piety under the Shining One
  7561 | D:7      | Reached skill level 11 in Fighting
  7719 | D:7      | Found an ancient bone altar of Kikubaaqudgha.
  7763 | D:7      | Reached ** piety under the Shining One
  7927 | D:7      | Reached skill level 12 in Fighting
  8124 | D:7      | Found a sacrificial altar of Ru.
  8222 | D:7      | Noticed Blork the orc
  8234 | D:7      | Found a shimmering blue altar of Sif Muna.
  8497 | D:7      | Reached XP level 10. HP: 93/118 MP: 16/16
  8697 | D:7      | Reached skill level 13 in Fighting
  9124 | D:8      | Noticed skumtomte's ghost (novice DDFi)
  9130 | D:8      | Found a runed translucent gate.
  9130 | D:8      | Found a runed translucent gate.
  9130 | D:8      | Found a runed translucent gate.
  9469 | D:8      | Noticed Erica
  9480 | D:8      | Killed Erica
  9480 | D:8      | Reached skill level 14 in Fighting
  9483 | D:8      | Noticed a purple ugly thing
  9493 | D:8      | Killed a purple ugly thing
 10041 | D:8      | Noticed Maurice
 10054 | D:8      | Killed Maurice
 10170 | D:8      | Found a shimmering altar of Xom.
 10204 | D:8      | Noticed Harold
 10230 | D:8      | Killed Harold
 10230 | D:8      | Reached skill level 15 in Fighting
 10535 | D:9      | Reached *** piety under the Shining One
 10544 | D:9      | Reached XP level 11. HP: 133/133 MP: 17/17
 10635 | D:9      | Noticed a two-headed ogre
 10658 | D:9      | Killed a two-headed ogre
 10658 | D:9      | Reached skill level 16 in Fighting
 10743 | D:9      | Found an ornate altar of the Wu Jian Council.
 10997 | D:9      | Found a hide-covered altar of Uskayaw.
 11002 | D:9      | Noticed a two-headed ogre
 11036 | D:9      | Killed a two-headed ogre
 11722 | D:9      | Reached **** piety under the Shining One
 11759 | D:10     | Entered Level 10 of the Dungeon
 12024 | D:10     | Reached skill level 17 in Fighting
 12334 | D:10     | Reached skill level 1 in Invocations
 12985 | D:11     | Found a staircase to the Lair.
 13030 | D:11     | Reached skill level 18 in Fighting
 13042 | D:11     | Found a flickering gateway to a bazaar.
 13048 | Bazaar   | Entered a bazaar
 13048 | Bazaar   | Found Uclul's General Store.
 13048 | Bazaar   | Found Safaicautz's Armour Emporium.
 13052 | Bazaar   | Found Ixuamofa's Gadget Emporium.
 13066 | Bazaar   | Found Vemi's Book Shoppe.
 13078 | Bazaar   | Bought a scroll of identify for 16 gold pieces
 13078 | Bazaar   | Bought a potion of curing for 24 gold pieces
 13078 | Bazaar   | Bought a scroll of silence for 60 gold pieces
 13078 | Bazaar   | Bought a potion of heal wounds for 40 gold pieces
 13084 | Bazaar   | Bought the cursed +0 robe "Ukholahoff" {Slay+6} for 299
                  | gold pieces
 13520 | D:11     | Reached XP level 12. HP: 147/150 MP: 14/18
 13621 | D:11     | Reached ***** piety under the Shining One
 14574 | D:12     | Found Ixaest's Antique Armour Shop.
 15248 | D:12     | Found a staircase to the Orcish Mines.
 15427 | D:12     | Reached skill level 19 in Fighting
 16895 | Orc:1    | Entered Level 1 of the Orcish Mines
 16895 | Orc:1    | Noticed Erolcha
 16901 | Orc:1    | Killed Erolcha
 16920 | Orc:1    | Noticed Fannar
 17772 | Orc:1    | Killed Fannar
 17779 | Orc:1    | Reached skill level 5 in Invocations
 17788 | Orc:1    | Noticed an orc warlord
 17789 | Orc:1    | Found Xunluk's Antique Armour Emporium.
 17789 | Orc:1    | Paralysed by an orc sorcerer for 3 turns
 17851 | Orc:1    | Noticed an ettin
 17881 | D:12     | Killed an ettin
 17881 | D:12     | Reached skill level 20 in Fighting
 18399 | Orc:2    | Entered Level 2 of the Orcish Mines
 18475 | Orc:2    | Found a staircase to the Elven Halls.
 18699 | Orc:2    | Reached XP level 13. HP: 117/165 MP: 19/19
 18848 | Orc:2    | Found Vizo's Jewellery Shop.
 18885 | Orc:2    | Reached skill level 10 in Maces & Flails
 19703 | Orc:1    | The Shining One protects you from harm!
 19717 | Orc:1    | HP: 1/165 [deep troll (8)]
 21969 | Orc:2    | Found Myom's Book Boutique.
 21970 | Orc:2    | Found Awoysit's Distillery.
 21980 | Orc:2    | Found Qiloawen's Distillery.
 21990 | Orc:2    | Learned a level 1 spell: Sting
 21995 | Orc:2    | Learned a level 4 spell: Leda's Liquefaction
 21995 | Orc:2    | Bought a potion of heal wounds for 75 gold pieces
 21995 | Orc:2    | Bought a potion of mutation for 120 gold pieces
 21995 | Orc:2    | Bought a potion of curing for 45 gold pieces
 21995 | Orc:2    | Bought a potion of brilliance for 60 gold pieces
 21995 | Orc:2    | Bought a potion of curing for 45 gold pieces
 22000 | Orc:2    | Bought a potion of heal wounds for 50 gold pieces
 22000 | Orc:2    | Bought a potion of curing for 30 gold pieces
 22000 | Orc:2    | Bought a potion of resistance for 100 gold pieces
 22000 | Orc:2    | Bought a potion of brilliance for 40 gold pieces
 22000 | Orc:2    | Bought a potion of might for 40 gold pieces
 22000 | Orc:2    | Bought a potion of curing for 30 gold pieces
 22000 | Orc:2    | Gained mutation: Scrolls take you a little longer to read.
                  | [potion of mutation]
 22000 | Orc:2    | Gained mutation: Your spells are a little harder to cast,
                  | but a little more powerful. [potion of mutation]
 22006 | Orc:2    | Bought a potion of mutation for 120 gold pieces
 22006 | Orc:2    | Lost mutation: Your spells are a little harder to cast, but
                  | a little more powerful. [potion of mutation]
 22006 | Orc:2    | Lost mutation: Scrolls take you a little longer to read.
                  | [potion of mutation]
 22006 | Orc:2    | Gained mutation: You are robust. (+10% HP) [potion of
                  | mutation]
 22006 | Orc:2    | Gained mutation: You are very robust. (+20% HP) [potion of
                  | mutation]
 22326 | Lair:1   | Entered Level 1 of the Lair of Beasts
 23724 | Lair:2   | Learned a level 2 spell: Song of Slaying
 23733 | Lair:2   | Reached skill level 1 in Earth Magic
 23737 | Lair:2   | Reached XP level 14. HP: 120/210 MP: 13/20
 23742 | Lair:2   | Reached skill level 1 in Transmutations
 24560 | Lair:3   | Found a transporter.
 24563 | Lair:3   | Identified the +3 demon trident "Xabesaeth" {freeze, +Rage
                  | Int+5}
 24563 | Lair:3   | Identified the +4 demon trident of Collusion {flame, rF+
                  | rN+ Int-3}
 24564 | Lair:3   | Noticed Deesahac's ghost (journeyman BaFi)
 24588 | Lair:3   | Found a bloodstained altar of Trog.
 25174 | Lair:3   | Reached ****** piety under the Shining One
 25448 | Lair:3   | Got a translucent great mace
 25449 | Lair:3   | Identified the +3 great mace "Afuozale" {drain, Int+6} (You
                  | found it on level 3 of the Lair of Beasts)
 25572 | Lair:3   | Noticed Urug
 25601 | Lair:3   | Killed Urug
 25668 | Lair:3   | Got a glittering pewter ring
 25802 | Lair:3   | Found a transporter.
 26194 | Lair:3   | Reached skill level 5 in Spellcasting
 26554 | Lair:3   | Killed Deesahac's ghost
 26568 | Lair:3   | Slain by a spriggan rider

Illustrated notes

Levels and vault maps discovered:
D:1:      mrwooster_arrival_statue_2, layout_rooms, minmay_pentomino_z4
D:2:      layout_loops_corners, marbit_many_paths,
          nicolae_overflow_hidden_temple, first_ration, kennysheep_flooded_box,
          nrook_uturn
D:3:      layout_basic, lemuel_round_altar, minmay_fractal_squares_diagonal_5
D:4:      layout_loops_ring, lemuel_round_altar, gammafunk_temple_overflow_wave
D:5:      layout_rooms, uniq_crazy_yiuf_cottage, uniq_sigmund
D:6:      layout_rooms, minmay_temple_entry_ruins,
          chequers_serial_rivers_small_b, hangedman_abyss_or_decor_slice,
          kennysheep_doodads, chequers_decorated_corner, uniq_duvessa
D:7:      layout_loops_corners, tgw_sif, nicolae_qazlal_style_of_elements,
          nicolae_ru_great_annihilating_truth,
          lemuel_mausoleum_altar_kikubaaqudgha
D:8:      layout_rooms, kennysheep_little_box, serial_curves, eino_curves_02,
          eino_curves_02, eino_curves_02, eino_curves_02, gammafunk_ghost_split,
          uniq_maurice, uniq_harold, uniq_erica
D:9:      layout_irregular_city, eat_drink_and_be_merry_uskayaw,
          overflow_temple_1_default
D:10:     layout_cave_pools
D:11:     layout_basic, minmay_lair_entry_grove, serial_shops, bzr_in_the_mist
D:12:     layout_cave_pods, hiddenorc2_lemuel, serial_shops,
          nicolae_shop_statue_plus
Temple:   compressed_dpeg_circular_temple
Lair:1:   layout_gridlike, wad_woods_road_03, nicolae_quartered_pool_little
Lair:2:   layout_misc_corridors, lemuel_fruit_tree, serial_bayou_shore_b,
          infiniplex_staircase_pool, serial_bayou_shore_b
Lair:3:   layout_long_grid, gammafunk_ghost_wrathful_warriors,
          kennysheep_rathole, serial_bayou_shore_b, uniq_urug
Orc:1:    layout_caves, lightli_volcano_entry_magma_tube, serial_shops,
          nicolae_shop_crystal, uniq_snorg, uniq_erolcha, uniq_fannar,
          uniq_josephine
Orc:2:    st_orc_open, layout_caves, mines5_lemuel

Skill      XL: |  1  2  3  4  5  6  7  8  9 10 11 12 13 14 |
---------------+-------------------------------------------+-----
Ice Magic      | 4 5 |  5.2
Spellcasting   | 3 4 5 |  5.1
Fighting       | 1 2 7 9 12 15 18 20 | 20.1
Maces & Flails | 1 3 5 6 7 8 9 12 13 | 13.1
Invocations    | 2 5 8 9 |  9.0
Earth Magic    | 1 2 |  2.1
Transmutations | 2 |  2.2
Dodging        | |  1.7
Stealth        | |  1.4
Hexes          | |  0.1
Charms         | |  0.1

Action                   |  1- 3 |  4- 6 |  7- 9 | 10-12 | 13-15 || total
-------------------------+-------+-------+-------+-------+-------++-------
Melee: Short sword       |    38 |     2 |       |       |       ||    40
       Unarmed           |     2 |       |       |       |       ||     2
       Whip              |       |    38 |       |       |       ||    38
       Dagger            |       |    66 |     8 |       |       ||    74
       Rapier            |       |       |   173 |   470 |    40 ||   683
       Giant spiked club |       |       |       |       |   185 ||   185
 Cast: Freeze            |    47 |     5 |       |       |       ||    52
       Frozen Ramparts   |     1 |    31 |    20 |    65 |    44 ||   161
       Ensorcelled Hiber |       |     1 |       |       |       ||     1
       Song of Slaying   |       |       |       |       |     1 ||     1
Invok: Summon Divine War |       |       |       |       |     1 ||     1
  Use: Scroll            |       |    10 |     4 |    13 |    12 ||    39
       Potion            |       |       |       |     2 |     4 ||     6
 Stab: Sleeping          |     1 |     1 |     1 |       |       ||     3
  Eat: Chunk             |     2 |    12 |    12 |    32 |     9 ||    67
       Ration            |       |       |     1 |     2 |     6 ||     9
Armor: Robe              |    38 |    32 |    26 |   138 |    59 ||   293
Dodge: Dodged            |    60 |    76 |    84 |   361 |   201 ||   782
